 Dungeon Crawl Stone Soup version 0.11.3 (webtiles) character file.

54 4tharraofdagon the Vexing (level 1, 9/9 HPs)
             Began as a Spriggan Enchanter on Aug 4, 2013.
             Quit the game on Level 8 of the Dungeon.
             The game lasted 00:02:58 (425 turns).

4tharraofdagon the Vexing (Spriggan Enchanter)       Turns: 425, Time: 00:02:58

HP   9/9         AC  3     Str  4      XL: 1   Next: 72%
MP   4/4         EV 18     Int 16      God:
Gold 49          SH  0     Dex 16      Spells:  1 memorised,  1 level left

Res.Fire  : . . .   See Invis. : +   a - +1,+0 dagger {=f}
Res.Cold  : . . .   Warding    : .   b - +1 robe
Life Prot.: . . .   Conserve   : .   (shield restricted)
Res.Poison: .       Res.Corr.  : .   (helmet restricted)
Res.Elec. : .       Clarity    : .   (no cloak)
Sust.Abil.: . .     Spirit.Shd : .   (gloves unavailable)
Res.Mut.  : .       Stasis     : .   (boots unavailable)
Res.Rott. : .       Ctrl.Telep.: .   (no amulet)
Saprovore : . . .   Levitation : .   (no ring) Ctrl.Flight: .
                                     l - ring of invisibility

@: very quick, not resistant to hostile enchantments, stealthy
A: unfitting armour, see invisible, herbivore 3, speed 3, slow metabolism 2
a: Evoke Invisibility


You were on level 8 of the Dungeon.
You were not hungry.

You visited 1 branch of the dungeon, and saw 8 of its levels.

You collected 29 gold pieces.

Inventory:

Hand weapons
 a - a +1,+0 dagger (weapon) {=f}
Missiles
 d - 12 darts (quivered)
Armour
 b - a +1 robe (worn)
Comestibles
 i - an apple
 n - a bread ration
Scrolls
 f - a scroll of enchant weapon II {unknown}
 j - a scroll of identify {unknown}
 k - a scroll of enchant armour {unknown}
 m - a scroll of remove curse {unknown}
 o - a scroll of noise {unknown}
 q - a scroll of enchant weapon I {unknown}
Jewellery
 l - a ring of invisibility (left hand)
Potions
 e - a potion of porridge
 g - a potion of resistance {unknown}
 h - a potion of gain dexterity {unknown}
 p - a potion of levitation {unknown}
 r - a potion of magic {unknown}
Books
 c - a book of Maledictions

   Spells                             Type                      Level
   *Corona                            Hexes                        1
   Sure Blade                         Hexes/Charms                 2
   Ensorcelled Hibernation            Hexes/Ice                    2
   Confuse                            Hexes                        3
   Enslavement                        Hexes                        4
   Invisibility                       Hexes                        6


   Skills:
 * Level 1.4 Short Blades
 - Level 1.1 Throwing
 - Level 3.0 Dodging
 + Level 3.3 Stealth
 + Level 1.9 Stabbing
 - Level 1.3 Spellcasting
 - Level 3.6 Hexes


You had one spell level left.
You knew the following spells:

 Your Spells              Type           Power        Failure   Level  Hunger
a - Corona                Hex            ###.....     8%          1    ##.....


Dungeon Overview and Level Annotations

Branches:
Dungeon (8/27)
 Temple: D:4-7          Orc: D:6-11        Lair: D:8-13

Altars:


Innate Abilities, Weirdness & Mutations

You are tiny and cannot use many weapons and most armour.
You have supernaturally acute eyesight.
You are a herbivore.
You cover ground extremely quickly.
You need consume almost no food.


Message History

q - a scroll labeled SKUCVA MUOPU
There is a stone staircase leading up here.
Found 11 gold pieces.
Found an emulsified black potion.
A jelly comes into view.
Found a scroll labeled SKUCVA MUOPU.
The helpless jelly fails to defend itself.
You slice the jelly!!
The acid corrodes your +1,+1 dagger {=f}!
The jelly is severely wounded.
The jelly completely misses you.
You see here an emulsified black potion.
r - an emulsified black potion An orc priest comes into view.
Found 10 gold pieces.
The orc priest shouts!
An orc wizard comes into view.
It is wielding an orcish dagger. 2 orcs come into view.
The orc shouts!
Are you sure you want to abandon this character and quit the game? (Confirm with "yes".)

............ ...
......###.#######.#
....$.............#
.....#..#.####.#.##
#.........J....#.#
#.......#.######.#
........#.# #.#
...#....#.# #.#
........#.# #@#
...##...#.# #.#
.....?..... #o#
..........# #.#
...#.#..... .o$
..... ...# #o# . .
. o.. #.# #.#


You could see an orc priest, an orc wizard (wandering) and 2 orcs.

Vanquished Creatures
  A bat (D:2)
  2 hobgoblins
  A ball python (D:3)
  A giant newt (D:1)
5 creatures vanquished.

Notes
Turn   | Place    | Note
--------------------------------------------------------------
     0 | D:1      | 4tharraofdagon, the Spriggan Enchanter, began the quest for the Orb.
     0 | D:1      | Reached XP level 1. HP: 9/9 MP: 4/4
   297 | D:5      | Entered Level 5 of the Dungeon
   420 | D:8      | Noticed an orc priest
   422 | D:8      | Noticed an orc wizard
   425 | D:8      | Quit the game
